Knights vs Little Stars
Created - December 4, 2019 at 19:19
Goals
|
Knights |
3 |
1 |
0 |
4 |
Little Stars |
4 |
2 |
0 |
6 |
|
Shots
|
Knights |
13 |
7 |
3 |
23 |
Little Stars |
17 |
12 |
6 |
35 |
|
1st period
1. Knights , Jordan Martinook 7 (Boone Jenner 14, Josh Bailey 11) at 4:34 (PP)
2. Knights , Miro Aaltonen 6 (Collin Miller 4) at 7:24 (PP)
3. Little Stars , Shane Gersich 2 (Daniil Tarasov 5, Reece Willcox 3) at 8:30
4. Little Stars , Jesse Joensuu 11 (Evgeny Kuznetsov 20, Tyler Wotherspoon 8) at 9:57 (PP)
5. Little Stars , Michael Mersch 12 (Dana Tyrell 10, Zach Budish 6) at 11:09
6. Little Stars , Jesse Joensuu 12 (Tyson Barrie 3, Evgeny Kuznetsov 21) at 14:55 (PP)
7. Knights , Josh Bailey 11 (Ronalds Kenins 6, Jaccob Slavin 11) at 17:00
Penalties :
Sebastian Wannstrom (Tex) for Slashing (Minor) at 4:25, Eric Knodel (Tex) for Hooking (Minor) at 6:39, Jaccob Slavin (Lon) for Hooking (Minor) at 9:40, Linden Vey (Lon) for Holding Stick (Minor) at 13:31
2nd period
8. Little Stars , Jesse Joensuu 13 (Sebastian Wannstrom 6, Reece Willcox 4) at 2:39
9. Little Stars , Jason Dickinson 4 (Shane Gersich 4, Daniil Tarasov 6) at 8:20
10. Knights , Josh Morrissey 1 (Josh Bailey 12, Ronalds Kenins 7) at 11:09
Penalties :
Alan Quine (Lon) for Elbowing (Minor) at 13:49
3rd period
No Goal
Penalties :
Collin Miller (Lon) for Holding (Minor) at 6:48, Zach Budish (Tex) for Holding (Minor) at 18:12
Goalie Stats
Magnus Hellberg (Lon), 13 saves from 17 shots - (0.765), 14:55 minutes
Elvis Merzlikins (Lon), 16 saves from 18 shots - (0.889), L, 0-1-0, 45:05 minutes
Matt Murray (Tex), 19 saves from 23 shots - (0.826), W, 7-6-2, 60:00 minutes
Players Stats for Knights
Player Name G A P +/- PIM S H SB GA TA FO MP PP MP PK MP
------------------------------------------------------------------------------------
Alan Quine 0 0 0 -3 2 1 0 0 0 0 2/3 9:51 0:00 0:00
Boone Jenner 0 1 1 1 0 1 2 0 0 1 20/38 23:09 1:38 3:23
Brendan Gaunce 0 0 0 0 0 3 0 0 0 0 2/3 12:34 0:00 1:33
Collin Miller 0 1 1 -1 2 2 0 0 0 1 0/0 26:30 1:25 1:43
Jaccob Slavin 0 1 1 1 2 1 0 1 0 1 0/0 28:52 1:12 3:37
Jordan Martinook 1 0 1 -1 0 2 3 0 0 0 1/1 15:53 1:38 0:00
Josh Bailey 1 2 3 2 0 4 4 2 1 0 2/2 19:52 1:38 1:33
Josh Morrissey 1 0 1 0 0 1 3 0 0 0 0/0 16:21 0:31 0:40
Linden Vey 0 0 0 -1 2 1 4 1 2 0 0/0 17:35 1:03 2:19
Ludwig Bystrom 0 0 0 -3 0 0 0 2 0 2 0/0 15:24 1:04 1:18
Michael Matheson 0 0 0 0 0 0 5 1 0 3 0/0 29:19 1:10 4:00
Miro Aaltonen 1 0 1 -1 0 3 1 0 1 2 6/12 16:50 1:03 1:22
Nathan Walker 0 0 0 -3 0 0 1 0 1 0 0/0 9:41 0:00 0:00
Nikolay Goldobin 0 0 0 0 0 1 0 0 0 0 1/1 10:42 0:00 0:00
Ronalds Kenins 0 2 2 2 0 3 2 1 1 0 0/1 19:14 1:03 1:08
Tomas Kundratek 0 0 0 0 0 0 0 0 0 0 0/0 2:07 0:00 0:00
Valentin Zykov 0 0 0 0 0 0 1 0 0 0 0/0 10:42 0:00 0:00
Vince Hinostroza 0 0 0 -3 0 0 1 0 1 0 0/1 9:41 0:00 0:00
Players Stats for Little Stars
Player Name G A P +/- PIM S H SB GA TA FO MP PP MP PK MP
------------------------------------------------------------------------------------
Anton Cederholm 0 0 0 2 0 2 0 1 0 1 0/0 13:14 0:00 0:00
Dana Tyrell 0 1 1 0 0 1 3 0 2 0 3/7 19:25 1:37 1:38
Daniel O'regan 0 0 0 -1 0 0 2 0 0 0 2/6 12:15 0:00 0:06
Daniil Tarasov 0 2 2 2 0 2 0 1 0 0 0/0 7:55 0:00 0:27
Emile Poirier 0 0 0 -1 0 2 0 0 0 0 0/0 11:36 0:00 0:00
Eric Knodel 0 0 0 1 2 0 1 1 2 2 0/0 18:32 1:33 0:40
Evgeny Kuznetsov 0 2 2 1 0 6 1 0 1 0 17/39 21:51 4:02 1:38
Jason Dickinson 1 0 1 2 0 2 0 0 0 0 1/2 7:21 0:00 0:00
Jesse Joensuu 3 0 3 1 0 8 2 2 1 0 3/5 20:43 4:02 0:30
Michael Mersch 1 0 1 0 0 1 1 0 1 0 0/0 18:18 1:37 0:33
Patrick Wiercioch 0 0 0 1 0 1 2 1 0 0 0/0 18:39 1:33 0:46
Reece Willcox 0 2 2 2 0 0 0 1 0 0 0/0 13:20 0:00 0:06
Scott Kosmachuck 0 0 0 1 0 1 1 0 1 2 2/3 20:43 4:02 0:30
Sebastian Wannstrom 0 1 1 -1 2 1 1 0 0 0 0/0 12:09 0:00 0:00
Shane Gersich 1 1 2 2 0 2 0 0 0 0 0/0 7:21 0:00 0:00
Tyler Wotherspoon 0 1 1 -1 0 2 2 0 1 1 0/0 28:07 4:06 1:55
Tyson Barrie 0 1 1 -1 0 2 3 2 1 1 0/0 28:07 4:06 1:55
Zach Budish 0 1 1 0 2 2 2 0 0 0 0/0 17:40 1:37 0:00
3 Stars
1 - Jesse Joensuu (Tex)
2 - Josh Bailey (Lon)
3 - Shane Gersich (Tex)
Power Play
Knights - 2 on 3 Attempt(s) - 66.67%
Little Stars - 2 on 4 Attempt(s) - 50.00%
Penalty Kill
Knights - 2 on 4 Attempt(s) - 50.00%
- Score 0 goal in Penalty Kill
Little Stars - 1 on 3 Attempt(s) - 33.33%
- Score 0 goal in Penalty Kill
Team Stat
Knights - Hits : 27 - Faceoff Wins : 34 - Blocked Shots : 8 - Penalty Minutes : 8
Little Stars - Hits : 21 - Faceoff Wins : 28 - Blocked Shots : 9 - Penalty Minutes : 6
Official
Referees : Unknown
Linesman : Unknown
Game Notes
Tomas Kundratek is injured at 5:03 of 1st period (Bruised Left Shoulder)
Elvis Merzlikins enters game at 14:55 of 1st period
Jesse Joensuu has scored a Hat Trick!
Finance
Level 1 -- Attendance: 1545 (77.25%) -- Ticket Income $54,075
Level 2 -- Attendance: 743 (74.30%) -- Ticket Income $11,145
Total Attendance: 2288 (76.27%)
Total Ticket Income: $65,220
Other Income: $3,261
Total Income: $68,481
Knights
5 vs 5 Forward
Center Left Wing Right Wing Time % Phy DF OF
1 Boone Jenner Ronalds Kenins Josh Bailey 40 1 2 2
2 Miro Aaltonen Jordan Martinook Linden Vey 30 1 2 2
3 Brendan Gaunce Valentin Zykov Nikolay Goldobin 20 1 2 2
4 Alan Quine Nathan Walker Vince Hinostroza 10 1 2 2
5 vs 5 Defense
Defense Defense Time % Phy DF OF
1 Jaccob Slavin Tomas Kundratek 40 1 2 2
2 Michael Matheson Josh Morrissey 30 1 2 2
3 Collin Miller Ludwig Bystrom 20 1 2 2
4 Tomas Kundratek Jaccob Slavin 10 1 2 2
PowerPlay Forward
Center Left Wing Right Wing Time % Phy DF OF
1 Boone Jenner Jordan Martinook Josh Bailey 60 1 1 3
2 Miro Aaltonen Ronalds Kenins Linden Vey 40 1 1 3
PowerPlay Defense
Defense Defense Time % Phy DF OF
1 Jaccob Slavin Collin Miller 60 0 1 4
2 Michael Matheson Tomas Kundratek 40 0 1 4
Penalty Kill 4 Players Forward
Center Wing Time % Phy DF OF
1 Boone Jenner Linden Vey 60 1 3 1
2 Brendan Gaunce Josh Bailey 40 1 3 1
Penalty Kill 4 Players Defense
Defense Defense Time % Phy DF OF
1 Tomas Kundratek Jaccob Slavin 60 1 3 1
2 Michael Matheson Collin Miller 40 1 3 1
Penalty Kill - 3 Players Forward
Forward Time % Phy DF OF
1 Jordan Martinook 60 0 4 1
2 Linden Vey 40 0 4 1
Penalty Kill - 3 Players Defense
Defense Defense Time % Phy DF OF
1 Tomas Kundratek Jaccob Slavin 60 1 3 1
2 Michael Matheson Collin Miller 40 1 3 1
4 vs 4 Forward
Center Wing Time % Phy DF OF
1 Miro Aaltonen Linden Vey 60 1 2 2
2 Brendan Gaunce Josh Bailey 40 1 2 2
4 vs 4 Defense
Defense Defense Time % Phy DF OF
1 Jaccob Slavin Tomas Kundratek 60 1 2 2
2 Michael Matheson Collin Miller 40 1 2 2
Last Minutes Offensive
Center Left Wing Right Wing Defense Defense
Miro Aaltonen Linden Vey Josh Bailey Jaccob Slavin Tomas Kundratek
Last Minutes Defensive
Center Left Wing Right Wing Defense Defense
Boone Jenner Linden Vey Jordan Martinook Tomas Kundratek Jaccob Slavin
Goaltenders
Starting : Magnus Hellberg
Backup : Elvis Merzlikins
Extra Forwards
Normal : Jordan Martinook, Linden Vey, Miro Aaltonen - PP : Linden Vey, Miro Aaltonen - PK : Miro Aaltonen
Extra Defensemen
Normal : Jaccob Slavin, Michael Matheson, Tomas Kundratek - PP : Michael Matheson - PK : Jaccob Slavin, Michael Matheson
Penalty Shots
Miro Aaltonen, Jordan Martinook, Brendan Gaunce, Nathan Walker, Linden Vey
Scratches
Zach Nastasiuk (Healthy), Nicklas Jensen (Healthy), David Shields (Healthy), Matthew Benning (Healthy), Trevor Moore (Healthy)
Scott Wilson (Healthy), Curtis Valk (Healthy), Anthony Louis (Healthy), Travis Boyd (Healthy), Nicolas Petan (Sports Hernia Injury)
Fredrik Claesson (Healthy), Mackenzie MacEachern (Healthy), Anton Blidh (Healthy), Jayce Hawryluk (Healthy), A.J. Jenks (Healthy)
Ryan Collins (Healthy), William Lagesson (Healthy), Eamon McAdam (Healthy), Philippe Desrosiers (Healthy), Ville Husso (Healthy)
Little Stars
5 vs 5 Forward
Center Left Wing Right Wing Time % Phy DF OF
1 Evgeny Kuznetsov Jesse Joensuu Scott Kosmachuck 40 1 2 2
2 Dana Tyrell Michael Mersch Zach Budish 30 1 2 2
3 Daniel O'regan Emile Poirier Sebastian Wannstrom 20 1 2 2
4 Jason Dickinson Shane Gersich Daniil Tarasov 10 1 2 2
5 vs 5 Defense
Defense Defense Time % Phy DF OF
1 Tyson Barrie Tyler Wotherspoon 40 1 2 2
2 Patrick Wiercioch Eric Knodel 30 1 2 2
3 Anton Cederholm Reece Willcox 20 1 2 2
4 Tyson Barrie Tyler Wotherspoon 10 1 2 2
PowerPlay Forward
Center Left Wing Right Wing Time % Phy DF OF
1 Evgeny Kuznetsov Jesse Joensuu Scott Kosmachuck 60 0 2 3
2 Dana Tyrell Michael Mersch Zach Budish 40 0 2 3
PowerPlay Defense
Defense Defense Time % Phy DF OF
1 Tyson Barrie Tyler Wotherspoon 60 0 2 3
2 Patrick Wiercioch Eric Knodel 40 0 2 3
Penalty Kill 4 Players Forward
Center Wing Time % Phy DF OF
1 Evgeny Kuznetsov Dana Tyrell 60 0 3 2
2 Jesse Joensuu Scott Kosmachuck 40 0 3 2
Penalty Kill 4 Players Defense
Defense Defense Time % Phy DF OF
1 Tyson Barrie Tyler Wotherspoon 60 0 3 2
2 Patrick Wiercioch Eric Knodel 40 0 3 2
Penalty Kill - 3 Players Forward
Forward Time % Phy DF OF
1 Evgeny Kuznetsov 60 0 3 2
2 Dana Tyrell 40 0 3 2
Penalty Kill - 3 Players Defense
Defense Defense Time % Phy DF OF
1 Tyson Barrie Tyler Wotherspoon 60 0 3 2
2 Patrick Wiercioch Eric Knodel 40 0 3 2
4 vs 4 Forward
Center Wing Time % Phy DF OF
1 Evgeny Kuznetsov Dana Tyrell 60 1 2 2
2 Jesse Joensuu Scott Kosmachuck 40 1 2 2
4 vs 4 Defense
Defense Defense Time % Phy DF OF
1 Tyson Barrie Tyler Wotherspoon 60 1 2 2
2 Patrick Wiercioch Eric Knodel 40 1 2 2
Last Minutes Offensive
Center Left Wing Right Wing Defense Defense
Evgeny Kuznetsov Jesse Joensuu Scott Kosmachuck Tyson Barrie Tyler Wotherspoon
Last Minutes Defensive
Center Left Wing Right Wing Defense Defense
Evgeny Kuznetsov Jesse Joensuu Scott Kosmachuck Tyson Barrie Tyler Wotherspoon
Goaltenders
Starting : Matt Murray
Backup : Peter Delmas
Extra Forwards
Normal : Daniel O'regan, Sebastian Wannstrom, Daniil Tarasov - PP : Daniel O'regan, Sebastian Wannstrom - PK : Daniil Tarasov
Extra Defensemen
Normal : Anton Cederholm, Reece Willcox, Patrick Wiercioch - PP : Anton Cederholm - PK : Reece Willcox, Patrick Wiercioch
Penalty Shots
Evgeny Kuznetsov, Dana Tyrell, Jesse Joensuu, Scott Kosmachuck, Zach Budish
Scratches
Adam Tambellini (Broken Bone (Right Leg) Injury), Justin Auger (Healthy), Ville Pokka (Healthy), Tucker Poolman (Healthy), Radel Fazleev (Healthy)
Julien Nantel (Healthy), Connor Knapp (Healthy), Spencer Martin (Healthy)
% Time on Ice - Knights
Lines # - Real PCT - Wanted PCT - Time Play
Normal Forward
1 - 33% - 40% - 17:14
2 - 27% - 30% - 14:03
3 - 21% - 20% - 10:42
4 - 19% - 10% - 9:41
Normal Defense
1 - 45% - 40% - 23:06
2 - 27% - 30% - 14:00
3 - 20% - 20% - 10:10
4 - 9% - 10% - 4:24
PP Forward
1 - 61% - 60% - 1:38
2 - 39% - 40% - 1:03
PP Defense
1 - 34% - 60% - 0:54
2 - 66% - 40% - 1:47
PK Forward
1 - 73% - 60% - 4:06
2 - 27% - 40% - 1:33
PK Defense
1 - 96% - 60% - 5:27
2 - 4% - 40% - 0:12
PK3 Forward
1 - 0% - 60%
2 - 0% - 40%
PK3 Defense
1 - 0% - 60%
2 - 0% - 40%
44 Forward
1 - 0% - 60%
2 - 0% - 40%
44 Defense
1 - 0% - 60%
2 - 0% - 40%
Last Minute Offensive - 0:00
Last Minute Defensive - 0:00
Total
Forward - 60:00
Defense - 60:00
|
% Time on Ice - Little Stars
Lines # - Real PCT - Wanted PCT - Time Play
Normal Forward
1 - 31% - 40% - 16:11
2 - 32% - 30% - 16:32
3 - 22% - 20% - 11:36
4 - 14% - 10% - 7:21
Normal Defense
1 - 38% - 40% - 19:29
2 - 32% - 30% - 16:20
3 - 26% - 20% - 13:14
4 - 5% - 10% - 2:37
PP Forward
1 - 71% - 60% - 4:02
2 - 29% - 40% - 1:37
PP Defense
1 - 73% - 60% - 4:06
2 - 27% - 40% - 1:33
PK Forward
1 - 81% - 60% - 2:11
2 - 19% - 40% - 0:30
PK Defense
1 - 71% - 60% - 1:55
2 - 29% - 40% - 0:46
PK3 Forward
1 - 0% - 60%
2 - 0% - 40%
PK3 Defense
1 - 0% - 60%
2 - 0% - 40%
44 Forward
1 - 0% - 60%
2 - 0% - 40%
44 Defense
1 - 0% - 60%
2 - 0% - 40%
Last Minute Offensive - 0:00
Last Minute Defensive - 0:00
Total
Forward - 60:00
Defense - 60:00
|
Play-by-Play
1st period
0:01 of 1st period - Boone Jenner wins face-off versus Jesse Joensuu in neutral zone.
0:46 of 1st period - Off-side.
0:47 of 1st period - Nikolay Goldobin wins face-off versus Daniel O'regan in neutral zone.
0:50 of 1st period - Emile Poirier is hit by Josh Morrissey and loses puck.
1:35 of 1st period - Josh Morrissey is hit by Dana Tyrell and loses puck.
1:46 of 1st period - Snap shot by Zach Budish.
1:46 of 1st period - Stopped by Magnus Hellberg without a rebound.
1:47 of 1st period - Josh Bailey wins face-off versus Jason Dickinson in Knights zone.
2:14 of 1st period - Jesse Joensuu is hit by Linden Vey and loses puck.
3:06 of 1st period - Off-side.
3:07 of 1st period - Scott Kosmachuck wins face-off versus Vince Hinostroza in neutral zone.
3:34 of 1st period - Michael Mersch is hit by Josh Morrissey and loses puck.
3:55 of 1st period - Wrist shot by Shane Gersich.
3:55 of 1st period - Stopped by Magnus Hellberg with a rebound.
3:57 of 1st period - Wrist shot by Daniil Tarasov.
3:57 of 1st period - Stopped by Magnus Hellberg with a rebound.
4:25 of 1st period - Minor Penalty to Sebastian Wannstrom for Slashing.
4:26 of 1st period - Evgeny Kuznetsov wins face-off versus Boone Jenner in Little Stars zone.
4:34 of 1st period - Wrist shot by Boone Jenner.
4:34 of 1st period - Deflect By Jordan Martinook.
4:34 of 1st period - Goal by Jordan Martinook - Knights : 1 - Little Stars : 0.
4:35 of 1st period - Boone Jenner wins face-off versus Evgeny Kuznetsov in neutral zone.
5:02 of 1st period - Tomas Kundratek is hit by Dana Tyrell and loses puck.
5:03 of 1st period - Tomas Kundratek from Knights is injured at 5:03 of 1st period (Bruised Left Shoulder).
5:04 of 1st period - Evgeny Kuznetsov wins face-off versus Boone Jenner in Knights zone.
5:13 of 1st period - Snap shot by Jesse Joensuu.
5:13 of 1st period - Stopped by Magnus Hellberg without a rebound.
5:14 of 1st period - Boone Jenner wins face-off versus Evgeny Kuznetsov in Knights zone.
5:32 of 1st period - Tyson Barrie is hit by Ronalds Kenins and loses puck.
5:35 of 1st period - Snap shot by Jesse Joensuu.
5:35 of 1st period - Stopped by Magnus Hellberg with a rebound.
5:41 of 1st period - Snap shot by Jesse Joensuu.
5:41 of 1st period - Stopped by Magnus Hellberg with a rebound.
5:45 of 1st period - Wrist shot by Evgeny Kuznetsov.
5:45 of 1st period - Shot Blocked by Josh Bailey.
5:47 of 1st period - Snap shot by Tyson Barrie.
5:47 of 1st period - Shot Blocked by Jaccob Slavin.
5:49 of 1st period - Wrist shot by Evgeny Kuznetsov.
5:49 of 1st period - Shot Misses the Net.
5:53 of 1st period - Slapshot by Scott Kosmachuck.
5:53 of 1st period - Stopped by Magnus Hellberg without a rebound.
5:54 of 1st period - Jordan Martinook wins face-off versus Dana Tyrell in Knights zone.
6:31 of 1st period - Slapshot by Nikolay Goldobin.
6:31 of 1st period - Stopped by Matt Murray with a rebound.
6:39 of 1st period - Minor Penalty to Eric Knodel for Hooking.
6:40 of 1st period - Boone Jenner wins face-off versus Evgeny Kuznetsov in Little Stars zone.
6:49 of 1st period - Wrist shot by Boone Jenner.
6:49 of 1st period - Shot Misses the Net.
6:53 of 1st period - Wrist shot by Boone Jenner.
6:53 of 1st period - Deflect By Josh Bailey.
6:53 of 1st period - Stopped by Matt Murray without a rebound.
6:54 of 1st period - Evgeny Kuznetsov wins face-off versus Boone Jenner in Little Stars zone.
7:24 of 1st period - Wrist shot by Miro Aaltonen.
7:24 of 1st period - Goal by Miro Aaltonen - Knights : 2 - Little Stars : 0.
7:25 of 1st period - Evgeny Kuznetsov wins face-off versus Miro Aaltonen in neutral zone.
8:30 of 1st period - Snap shot by Daniil Tarasov.
8:30 of 1st period - Deflect By Shane Gersich.
8:30 of 1st period - Goal by Shane Gersich - Knights : 2 - Little Stars : 1.
8:31 of 1st period - Miro Aaltonen wins face-off versus Evgeny Kuznetsov in neutral zone.
8:36 of 1st period - Snap shot by Linden Vey.
8:36 of 1st period - Stopped by Matt Murray with a rebound.
8:44 of 1st period - Slapshot by Tyson Barrie.
8:44 of 1st period - Stopped by Magnus Hellberg without a rebound.
8:45 of 1st period - Dana Tyrell wins face-off versus Boone Jenner in Knights zone.
9:15 of 1st period - Wrist shot by Brendan Gaunce.
9:15 of 1st period - Stopped by Matt Murray with a rebound.
9:17 of 1st period - Slapshot by Michael Matheson.
9:17 of 1st period - Shot Misses the Net.
9:19 of 1st period - Snap shot by Nikolay Goldobin.
9:19 of 1st period - Shot Misses the Net.
9:21 of 1st period - Slapshot by Josh Morrissey.
9:21 of 1st period - Shot Misses the Net.
9:23 of 1st period - Snap shot by Brendan Gaunce.
9:23 of 1st period - Stopped by Matt Murray without a rebound.
9:24 of 1st period - Boone Jenner wins face-off versus Daniel O'regan in Little Stars zone.
9:29 of 1st period - Wrist shot by Josh Bailey.
9:29 of 1st period - Shot Misses the Net.
9:40 of 1st period - Minor Penalty to Jaccob Slavin for Hooking.
9:41 of 1st period - Jesse Joensuu wins face-off versus Boone Jenner in Knights zone.
9:41 of 1st period - Wrist shot by Evgeny Kuznetsov.
9:41 of 1st period - Stopped by Magnus Hellberg with a rebound.
9:55 of 1st period - Snap shot by Evgeny Kuznetsov.
9:55 of 1st period - Stopped by Magnus Hellberg with a rebound.
9:57 of 1st period - Wrist shot by Jesse Joensuu.
9:57 of 1st period - Goal by Jesse Joensuu - Knights : 2 - Little Stars : 2.
9:58 of 1st period - Jesse Joensuu wins face-off versus Miro Aaltonen in neutral zone.
10:01 of 1st period - Snap shot by Jesse Joensuu.
10:01 of 1st period - Stopped by Magnus Hellberg with a rebound.
10:25 of 1st period - Tyson Barrie is hit by Josh Bailey.
10:31 of 1st period - Snap shot by Dana Tyrell.
10:31 of 1st period - Stopped by Magnus Hellberg without a rebound.
10:32 of 1st period - Evgeny Kuznetsov wins face-off versus Boone Jenner in Knights zone.
11:09 of 1st period - Wrist shot by Michael Mersch.
11:09 of 1st period - Goal by Michael Mersch - Knights : 2 - Little Stars : 3.
11:10 of 1st period - Boone Jenner wins face-off versus Evgeny Kuznetsov in neutral zone.
11:16 of 1st period - Off-side.
11:17 of 1st period - Boone Jenner wins face-off versus Jesse Joensuu in neutral zone.
11:50 of 1st period - Snap shot by Linden Vey.
11:50 of 1st period - Shot Misses the Net.
12:49 of 1st period - Wrist shot by Ronalds Kenins.
12:49 of 1st period - Shot Misses the Net.
12:51 of 1st period - Slapshot by Collin Miller.
12:51 of 1st period - Stopped by Matt Murray without a rebound.
12:52 of 1st period - Dana Tyrell wins face-off versus Miro Aaltonen in Little Stars zone.
12:52 of 1st period - Dana Tyrell is hit by Linden Vey.
12:59 of 1st period - Icing by Tyson Barrie.
13:00 of 1st period - Dana Tyrell wins face-off versus Miro Aaltonen in Little Stars zone.
13:00 of 1st period - Dana Tyrell is hit by Jordan Martinook.
13:20 of 1st period - Slapshot by Dana Tyrell.
13:20 of 1st period - Deflect By Zach Budish.
13:20 of 1st period - Stopped by Magnus Hellberg with a rebound.
13:22 of 1st period - Wrist shot by Zach Budish.
13:22 of 1st period - Shot Blocked by Linden Vey.
13:31 of 1st period - Minor Penalty to Linden Vey for Holding Stick.
13:32 of 1st period - Boone Jenner wins face-off versus Evgeny Kuznetsov in Knights zone.
13:40 of 1st period - Snap shot by Boone Jenner.
13:40 of 1st period - Stopped by Matt Murray without a rebound.
13:41 of 1st period - Evgeny Kuznetsov wins face-off versus Boone Jenner in Little Stars zone.
14:55 of 1st period - Backhand shot by Jesse Joensuu.
14:55 of 1st period - Goal by Jesse Joensuu - Knights : 2 - Little Stars : 4.
14:55 of 1st period - Elvis Merzlikins enters game.
14:56 of 1st period - Miro Aaltonen wins face-off versus Daniel O'regan in neutral zone.
15:21 of 1st period - Eric Knodel is hit by Valentin Zykov.
15:49 of 1st period - Snap shot by Ronalds Kenins.
15:49 of 1st period - Shot Blocked by Daniil Tarasov.
15:51 of 1st period - Slapshot by Boone Jenner.
15:51 of 1st period - Shot Misses the Net.
15:53 of 1st period - Snap shot by Michael Matheson.
15:53 of 1st period - Shot Blocked by Reece Willcox.
16:45 of 1st period - Snap shot by Josh Bailey.
16:45 of 1st period - Stopped by Matt Murray without a rebound.
16:46 of 1st period - Boone Jenner wins face-off versus Dana Tyrell in Little Stars zone.
17:00 of 1st period - Slapshot by Josh Bailey.
17:00 of 1st period - Goal by Josh Bailey - Knights : 3 - Little Stars : 4.
17:01 of 1st period - Boone Jenner wins face-off versus Evgeny Kuznetsov in neutral zone.
17:31 of 1st period - Backhand shot by Sebastian Wannstrom.
17:31 of 1st period - Shot Blocked by Michael Matheson.
17:33 of 1st period - Slapshot by Daniel O'regan.
17:33 of 1st period - Shot Misses the Net.
17:57 of 1st period - Snap shot by Miro Aaltonen.
17:57 of 1st period - Stopped by Matt Murray with a rebound.
18:03 of 1st period - Slapshot by Miro Aaltonen.
18:03 of 1st period - Shot Misses the Net.
18:59 of 1st period - Ronalds Kenins is hit by Daniel O'regan and loses puck.
19:23 of 1st period - Slapshot by Jaccob Slavin.
19:23 of 1st period - Stopped by Matt Murray with a rebound.
19:39 of 1st period - Wrist shot by Nathan Walker.
19:39 of 1st period - Shot Blocked by Eric Knodel.
Goals for this period are 3 for Knights vs 4 for Little Stars.
Shots for this period are 13 for Knights vs 17 for Little Stars.
2nd period
0:01 of 2nd period - Evgeny Kuznetsov wins face-off versus Boone Jenner in neutral zone.
0:04 of 2nd period - Slapshot by Tyson Barrie.
0:04 of 2nd period - Stopped by Elvis Merzlikins without a rebound.
0:05 of 2nd period - Boone Jenner wins face-off versus Evgeny Kuznetsov in Knights zone.
0:33 of 2nd period - Dana Tyrell is hit by Josh Morrissey and loses puck.
0:52 of 2nd period - Nikolay Goldobin is hit by Daniel O'regan and loses puck.
1:20 of 2nd period - Snap shot by Daniil Tarasov.
1:20 of 2nd period - Stopped by Elvis Merzlikins with a rebound.
2:37 of 2nd period - Wrist shot by Sebastian Wannstrom.
2:37 of 2nd period - Shot Blocked by Ludwig Bystrom.
2:39 of 2nd period - Wrist shot by Jesse Joensuu.
2:39 of 2nd period - Goal by Jesse Joensuu - Knights : 3 - Little Stars : 5.
2:40 of 2nd period - Evgeny Kuznetsov wins face-off versus Boone Jenner in neutral zone.
3:24 of 2nd period - Ludwig Bystrom is hit by Tyson Barrie and loses puck.
3:31 of 2nd period - Snap shot by Nikolay Goldobin.
3:31 of 2nd period - Deflect By Valentin Zykov.
3:31 of 2nd period - Shot Misses the Net.
3:31 of 2nd period - Puck is out of play.
3:32 of 2nd period - Boone Jenner wins face-off versus Evgeny Kuznetsov in Little Stars zone.
3:59 of 2nd period - Miro Aaltonen is hit by Michael Mersch and loses puck.
4:45 of 2nd period - Shane Gersich is hit by Michael Matheson and loses puck.
5:10 of 2nd period - Backhand shot by Scott Kosmachuck.
5:10 of 2nd period - Shot Blocked by Josh Bailey.
6:02 of 2nd period - Snap shot by Nikolay Goldobin.
6:02 of 2nd period - Deflect By Brendan Gaunce.
6:02 of 2nd period - Deflect By Patrick Wiercioch.
6:02 of 2nd period - Stopped by Matt Murray with a rebound.
6:04 of 2nd period - Wrist shot by Nikolay Goldobin.
6:04 of 2nd period - Shot Misses the Net.
6:26 of 2nd period - Snap shot by Jesse Joensuu.
6:26 of 2nd period - Shot Misses the Net.
6:28 of 2nd period - Slapshot by Anton Cederholm.
6:28 of 2nd period - Shot Blocked by Ronalds Kenins.
6:30 of 2nd period - Backhand shot by Jesse Joensuu.
6:30 of 2nd period - Stopped by Elvis Merzlikins with a rebound.
6:32 of 2nd period - Slapshot by Anton Cederholm.
6:32 of 2nd period - Stopped by Elvis Merzlikins without a rebound.
6:33 of 2nd period - Miro Aaltonen wins face-off versus Dana Tyrell in Knights zone.
6:43 of 2nd period - Anton Cederholm is hit by Jordan Martinook and loses puck.
6:55 of 2nd period - Icing by Jordan Martinook.
6:56 of 2nd period - Evgeny Kuznetsov wins face-off versus Boone Jenner in Knights zone.
7:05 of 2nd period - Wrist shot by Evgeny Kuznetsov.
7:05 of 2nd period - Stopped by Elvis Merzlikins with a rebound.
7:07 of 2nd period - Slapshot by Tyler Wotherspoon.
7:07 of 2nd period - Stopped by Elvis Merzlikins without a rebound.
7:08 of 2nd period - Boone Jenner wins face-off versus Evgeny Kuznetsov in Knights zone.
7:15 of 2nd period - Tyler Wotherspoon is hit by Josh Bailey.
7:33 of 2nd period - Miro Aaltonen is hit by Zach Budish and loses puck.
7:42 of 2nd period - Wrist shot by Dana Tyrell.
7:42 of 2nd period - Shot Misses the Net.
8:20 of 2nd period - Snap shot by Jason Dickinson.
8:20 of 2nd period - Goal by Jason Dickinson - Knights : 3 - Little Stars : 6.
8:21 of 2nd period - Evgeny Kuznetsov wins face-off versus Boone Jenner in neutral zone.
8:46 of 2nd period - Tyson Barrie is hit by Michael Matheson and loses puck.
9:32 of 2nd period - Jaccob Slavin is hit by Patrick Wiercioch and loses puck.
10:31 of 2nd period - Vince Hinostroza is hit by Dana Tyrell and loses puck.
10:39 of 2nd period - Icing by Collin Miller.
10:40 of 2nd period - Alan Quine wins face-off versus Evgeny Kuznetsov in Knights zone.
10:55 of 2nd period - Slapshot by Tyler Wotherspoon.
10:55 of 2nd period - Stopped by Elvis Merzlikins without a rebound.
10:56 of 2nd period - Daniel O'regan wins face-off versus Boone Jenner in Knights zone.
11:07 of 2nd period - Snap shot by Josh Bailey.
11:07 of 2nd period - Stopped by Matt Murray with a rebound.
11:09 of 2nd period - Slapshot by Josh Morrissey.
11:09 of 2nd period - Deflect By Emile Poirier.
11:09 of 2nd period - Goal by Josh Morrissey - Knights : 4 - Little Stars : 6.
11:10 of 2nd period - Josh Bailey wins face-off versus Evgeny Kuznetsov in neutral zone.
11:35 of 2nd period - Emile Poirier is hit by Jordan Martinook and loses puck.
11:40 of 2nd period - Wrist shot by Miro Aaltonen.
11:40 of 2nd period - Stopped by Matt Murray without a rebound.
11:41 of 2nd period - Daniel O'regan wins face-off versus Miro Aaltonen in Little Stars zone.
11:56 of 2nd period - Snap shot by Sebastian Wannstrom.
11:56 of 2nd period - Stopped by Elvis Merzlikins without a rebound.
11:57 of 2nd period - Boone Jenner wins face-off versus Evgeny Kuznetsov in Knights zone.
12:06 of 2nd period - Slapshot by Ronalds Kenins.
12:06 of 2nd period - Stopped by Matt Murray without a rebound.
12:07 of 2nd period - Boone Jenner wins face-off versus Evgeny Kuznetsov in Little Stars zone.
12:18 of 2nd period - Snap shot by Ronalds Kenins.
12:18 of 2nd period - Shot Blocked by Tyson Barrie.
12:20 of 2nd period - Snap shot by Ronalds Kenins.
12:20 of 2nd period - Deflect By Boone Jenner.
12:20 of 2nd period - Shot Misses the Net.
12:20 of 2nd period - Puck is out of play.
12:21 of 2nd period - Boone Jenner wins face-off versus Evgeny Kuznetsov in Little Stars zone.
13:49 of 2nd period - Minor Penalty to Alan Quine for Elbowing.
13:50 of 2nd period - Evgeny Kuznetsov wins face-off versus Boone Jenner in Knights zone.
15:22 of 2nd period - Slapshot by Ludwig Bystrom.
15:22 of 2nd period - Deflect By Brendan Gaunce.
15:22 of 2nd period - Shot Blocked by Jesse Joensuu.
15:22 of 2nd period - Puck is out of play.
15:23 of 2nd period - Brendan Gaunce wins face-off versus Evgeny Kuznetsov in Little Stars zone.
15:49 of 2nd period - Penalty to Alan Quine is over, Alan Quine is back on ice.
15:50 of 2nd period - Dana Tyrell is hit by Linden Vey and loses puck.
16:45 of 2nd period - Slapshot by Patrick Wiercioch.
16:45 of 2nd period - Stopped by Elvis Merzlikins with a rebound.
17:12 of 2nd period - Icing by Josh Bailey.
17:13 of 2nd period - Boone Jenner wins face-off versus Evgeny Kuznetsov in Knights zone.
17:13 of 2nd period - Boone Jenner is hit by Jesse Joensuu.
18:07 of 2nd period - Sebastian Wannstrom is hit by Michael Matheson and loses puck.
18:20 of 2nd period - Snap shot by Alan Quine.
18:20 of 2nd period - Stopped by Matt Murray without a rebound.
18:21 of 2nd period - Evgeny Kuznetsov wins face-off versus Alan Quine in Little Stars zone.
18:26 of 2nd period - Michael Matheson is hit by Jesse Joensuu and loses puck.
19:09 of 2nd period - Snap shot by Emile Poirier.
19:09 of 2nd period - Stopped by Elvis Merzlikins without a rebound.
19:10 of 2nd period - Miro Aaltonen wins face-off versus Daniel O'regan in Knights zone.
19:42 of 2nd period - Backhand shot by Miro Aaltonen.
19:42 of 2nd period - Shot Misses the Net.
19:44 of 2nd period - Slapshot by Collin Miller.
19:44 of 2nd period - Stopped by Matt Murray without a rebound.
19:45 of 2nd period - Scott Kosmachuck wins face-off versus Boone Jenner in Little Stars zone.
19:50 of 2nd period - Snap shot by Ronalds Kenins.
19:50 of 2nd period - Shot Hit the Post.
19:54 of 2nd period - Wrist shot by Ronalds Kenins.
19:54 of 2nd period - Shot Misses the Net.
19:56 of 2nd period - Snap shot by Michael Matheson.
19:56 of 2nd period - Shot Blocked by Jesse Joensuu.
19:58 of 2nd period - Snap shot by Ronalds Kenins.
19:58 of 2nd period - Deflect By Josh Bailey.
19:58 of 2nd period - Shot Blocked by Patrick Wiercioch.
19:58 of 2nd period - Puck is out of play.
19:59 of 2nd period - Evgeny Kuznetsov wins face-off versus Ronalds Kenins in Little Stars zone.
19:59 of 2nd period - Evgeny Kuznetsov is hit by Josh Bailey.
Goals for this period are 1 for Knights vs 2 for Little Stars.
Shots for this period are 7 for Knights vs 12 for Little Stars.
3rd period
0:01 of 3rd period - Evgeny Kuznetsov wins face-off versus Boone Jenner in neutral zone.
1:29 of 3rd period - Icing by Vince Hinostroza.
1:30 of 3rd period - Alan Quine wins face-off versus Evgeny Kuznetsov in Knights zone.
1:55 of 3rd period - Jordan Martinook is hit by Zach Budish and loses puck.
2:36 of 3rd period - Icing by Michael Matheson.
2:37 of 3rd period - Brendan Gaunce wins face-off versus Evgeny Kuznetsov in Knights zone.
2:50 of 3rd period - Wrist shot by Ronalds Kenins.
2:50 of 3rd period - Stopped by Matt Murray with a rebound.
2:52 of 3rd period - Snap shot by Ronalds Kenins.
2:52 of 3rd period - Stopped by Matt Murray without a rebound.
2:53 of 3rd period - Miro Aaltonen wins face-off versus Dana Tyrell in Little Stars zone.
3:18 of 3rd period - Jesse Joensuu is hit by Boone Jenner and loses puck.
4:46 of 3rd period - Slapshot by Josh Bailey.
4:46 of 3rd period - Shot Misses the Net.
4:52 of 3rd period - Wrist shot by Ronalds Kenins.
4:52 of 3rd period - Shot Misses the Net.
5:04 of 3rd period - Wrist shot by Daniel O'regan.
5:04 of 3rd period - Shot Misses the Net.
5:06 of 3rd period - Snap shot by Sebastian Wannstrom.
5:06 of 3rd period - Shot Blocked by Ludwig Bystrom.
5:08 of 3rd period - Wrist shot by Emile Poirier.
5:08 of 3rd period - Stopped by Elvis Merzlikins without a rebound.
5:09 of 3rd period - Boone Jenner wins face-off versus Evgeny Kuznetsov in Knights zone.
5:35 of 3rd period - Jaccob Slavin is hit by Sebastian Wannstrom and loses puck.
5:42 of 3rd period - Sebastian Wannstrom is hit by Boone Jenner.
5:53 of 3rd period - Michael Matheson is hit by Tyson Barrie and loses puck.
6:36 of 3rd period - Collin Miller is hit by Evgeny Kuznetsov and loses puck.
6:48 of 3rd period - Minor Penalty to Collin Miller for Holding.
6:49 of 3rd period - Boone Jenner wins face-off versus Evgeny Kuznetsov in Knights zone.
7:00 of 3rd period - Off-side.
7:01 of 3rd period - Boone Jenner wins face-off versus Evgeny Kuznetsov in neutral zone.
7:12 of 3rd period - Wrist shot by Evgeny Kuznetsov.
7:12 of 3rd period - Stopped by Elvis Merzlikins with a rebound.
7:14 of 3rd period - Slapshot by Scott Kosmachuck.
7:14 of 3rd period - Shot Misses the Net.
7:16 of 3rd period - Wrist shot by Evgeny Kuznetsov.
7:16 of 3rd period - Stopped by Elvis Merzlikins with a rebound.
8:04 of 3rd period - Ludwig Bystrom is hit by Tyler Wotherspoon and loses puck.
8:48 of 3rd period - Penalty to Collin Miller is over, Collin Miller is back on ice.
10:34 of 3rd period - Daniil Tarasov is hit by Michael Matheson and loses puck.
10:45 of 3rd period - Josh Morrissey is hit by Patrick Wiercioch.
10:57 of 3rd period - Slapshot by Tyson Barrie.
10:57 of 3rd period - Shot Misses the Net.
11:35 of 3rd period - Icing by Jason Dickinson.
11:36 of 3rd period - Jason Dickinson wins face-off versus Boone Jenner in Little Stars zone.
12:13 of 3rd period - Reece Willcox is hit by Michael Matheson and loses puck.
13:04 of 3rd period - Collin Miller is hit by Tyson Barrie and loses puck.
13:11 of 3rd period - Tyson Barrie is hit by Vince Hinostroza and loses puck.
13:26 of 3rd period - Slapshot by Vince Hinostroza.
13:26 of 3rd period - Shot Misses the Net.
13:44 of 3rd period - Dana Tyrell is hit by Nathan Walker and loses puck.
13:51 of 3rd period - Wrist shot by Alan Quine.
13:51 of 3rd period - Shot Misses the Net.
13:53 of 3rd period - Wrist shot by Vince Hinostroza.
13:53 of 3rd period - Shot Blocked by Tyson Barrie.
14:19 of 3rd period - Slapshot by Jaccob Slavin.
14:19 of 3rd period - Deflect By Vince Hinostroza.
14:19 of 3rd period - Shot Blocked by Anton Cederholm.
14:19 of 3rd period - Puck is out of play.
14:20 of 3rd period - Evgeny Kuznetsov wins face-off versus Boone Jenner in Little Stars zone.
14:20 of 3rd period - Evgeny Kuznetsov is hit by Ronalds Kenins.
14:34 of 3rd period - Jesse Joensuu is hit by Josh Bailey.
15:00 of 3rd period - Wrist shot by Miro Aaltonen.
15:00 of 3rd period - Shot Misses the Net.
15:19 of 3rd period - Snap shot by Jason Dickinson.
15:19 of 3rd period - Stopped by Elvis Merzlikins with a rebound.
15:31 of 3rd period - Nikolay Goldobin is hit by Scott Kosmachuck and loses puck.
16:05 of 3rd period - Josh Bailey is hit by Eric Knodel and loses puck.
17:09 of 3rd period - Icing by Josh Bailey.
17:10 of 3rd period - Jesse Joensuu wins face-off versus Miro Aaltonen in Knights zone.
17:11 of 3rd period - Wrist shot by Evgeny Kuznetsov.
17:11 of 3rd period - Stopped by Elvis Merzlikins with a rebound.
17:13 of 3rd period - Slapshot by Anton Cederholm.
17:13 of 3rd period - Stopped by Elvis Merzlikins without a rebound.
17:14 of 3rd period - Miro Aaltonen wins face-off versus Scott Kosmachuck in Knights zone.
17:24 of 3rd period - Snap shot by Jordan Martinook.
17:24 of 3rd period - Shot Misses the Net.
17:26 of 3rd period - Wrist shot by Jordan Martinook.
17:26 of 3rd period - Stopped by Matt Murray without a rebound.
17:27 of 3rd period - Evgeny Kuznetsov wins face-off versus Brendan Gaunce in Little Stars zone.
17:54 of 3rd period - Ronalds Kenins is hit by Tyler Wotherspoon and loses puck.
18:12 of 3rd period - Minor Penalty to Zach Budish for Holding.
18:13 of 3rd period - Evgeny Kuznetsov wins face-off versus Boone Jenner in Little Stars zone.
18:43 of 3rd period - Eric Knodel is hit by Miro Aaltonen and loses puck.
19:06 of 3rd period - Scott Kosmachuck is hit by Linden Vey and loses puck.
Goals for this period are 0 for Knights vs 0 for Little Stars.
Shots for this period are 3 for Knights vs 6 for Little Stars.
Back to the Top